 Dungeon Crawl Stone Soup version 0.30-a0-310-g7d6cbdfea6 (webtiles) character file.

Game seed: 5600787336900199703

1565 Darkkill the Shooter (level 8, -3/71 HPs)
             Began as a Minotaur Hunter on Oct 24, 2022.
             Was a Believer of Nemelex Xobeh.
             Succumbed to an orc wizard's poison
             ... while paralysed by a hornet
             ... on level 7 of the Dungeon.
             The game lasted 00:07:31 (6106 turns).

Darkkill the Shooter (Minotaur Hunter)              Turns: 6106, Time: 00:07:32

Health: -3/71      AC:  4    Str: 16    XL:     8   Next: 59%
Magic:  7/7        EV:  2    Int:  6    God:    Nemelex Xobeh [**....]
Gold:   271        SH:  0    Dex: 16    Spells: 7/7 levels left

rFire   . . .      SeeInvis .    a - +0 shortbow
rCold   . . .      Faith    .    (shield currently unavailable)
rNeg    . . .      Spirit   .    c - +1 leather armour
rPois   .          Reflect  .    (helmet restricted)
rElec   .          Harm     .    (no cloak)
rCorr   .          Rampage  .    (no gloves)
Will    .....                    (no boots)
Stlth   +++.......               (no amulet)
HPRegen 0.31/turn                (no ring)
MPRegen 0.10/turn                (no ring)

@: paralysed, lethally poisoned (-3 -> -28), about to teleport, slowed
A: horns 2, retaliatory headbutt
a: Renounce Religion, Draw Escape, Draw Destruction, Draw Summoning


You were on level 7 of the Dungeon.
You worshipped Nemelex Xobeh.
Nemelex Xobeh was pleased with you.
You visited 1 branch of the dungeon, and saw 7 of its levels.

You collected 271 gold pieces.

Inventory:

Hand Weapons
 a - a +0 shortbow (weapon)
 b - a +4 dire flail
 y - a +0 great sword
Missiles
 i - 43 stones
 k - 6 poisoned darts
 n - 5 silver boomerangs
 p - a throwing net {=f !f}
 x - 5 boomerangs
Armour
 c - a +1 leather armour (worn)
 B - a +0 cloak
Magical Staves
 v - a staff of air
Wands
 e - a wand of roots (1)
 h - a wand of flame (28)
 C - a wand of digging (6)
Scrolls
 m - a scroll of amnesia
 o - a scroll of fog
 A - 2 scrolls of immolation
Potions
 d - 2 potions of curing {@q1}
 f - a potion of heal wounds {unknown}
 g - a potion of lignification {unknown}
 j - a potion of resistance {unknown}
 q - a potion of ambrosia {unknown}
 r - a potion of attraction
 s - a potion of flight {unknown}
 t - a potion of brilliance {unknown}
 u - 2 potions of magic
 w - a potion of haste {unknown}
 z - a potion of might {unknown}


   Skills:
 + Level 6.9 Fighting
 + Level 7.4 Ranged Weapons
 + Level 6.3 Dodging
 + Level 4.8 Stealth


You had 7 spell levels left.
You didn't know any spells.
Your spell library contained the following spells:

 Spells                   Type           Power      Damage    Failure   Level
 Animate Armour           Summ/Erth      0%         N/A       99%         4
 Blade Hands              Tmut           0%         N/A       100%        5
 Iron Shot                Conj/Erth      0%         9d1       100%        6


Dungeon Overview and Level Annotations

Branches:
Dungeon (7/15)             Temple (0/1) D:5

Altars:
Hepliaklqana
Kikubaaqudgha
Nemelex Xobeh
Qazlal
Trog
Uskayaw
Yredelemnul
The Shining One

Annotations:
D:3 1 runed translucent door, Crazy Yiuf


Innate Abilities, Weirdness & Mutations

You have a pair of horns on your head.
You reflexively headbutt those who attack you in melee.


Message History

The grasping roots constrict the orc priest.
You feel very sick.
You hear a shout!
You hear an angry hiss.
The orc wizard mumbles some strange words.
The orc wizard flickers and vanishes!
Deactivating autopickup; reactivate with Ctrl-A.
The orc priest barely misses you.
Aiming: Fastroot
Press: ? - help, Q - select action, (/) - cycle Shift-Dir - straight line, p - orc The roots erupt in riotous growth!
The orc priest is unaffected.
The orc is unaffected.
The ogre is unaffected.
The grasping roots constrict the ogre.
The grasping roots constrict something.
The grasping roots constrict the orc!
You kill the orc!
The grasping roots constrict the orc priest!
You kill the orc priest!
You feel sick.
The ogre struggles to escape constriction.
Your Dodging skill increases to level 6!
Aiming: Fastroot
Press: ? - help, Q - select action, (/) - cycle Shift-Dir - straight line, f - ogre
Aim: an ogre, wielding a +0 giant club (moderately wounded, constricted by roots)
The roots erupt in riotous growth!
The ogre is unaffected.
Roots grab the orc.
Roots grab the orc.
Roots grab the water moccasin.
The grasping roots constrict the orc.
The grasping roots constrict the water moccasin!
The grasping roots constrict the ogre!
The grasping roots constrict the orc.
You feel sick.
The roots release their grip on the ogre.
Something barely misses you.
The orc escapes!
The water moccasin struggles to escape constriction.
Aiming: Fastroot
Press: ? - help, Q - select action, (/) - cycle Shift-Dir - straight line, f - orc, p - ogre
Aim: an orc, wielding a +0 short sword and wearing a +0 ring mail (severely wounded)
The roots erupt in riotous growth!
Roots grab the ogre.
The orc is unaffected.
Roots grab the orc.
The grasping roots constrict the orc.
You kill the orc!
The grasping roots constrict the water moccasin.
The grasping roots constrict the ogre.
The grasping roots constrict the orc!
You kill the orc!
You feel sick.
The roots release their grip on the water moccasin.
Something hits you.
You are more poisoned.
The ogre closely misses you.
Aiming: Fastroot
Press: ? - help, Q - select action, (/) - cycle Shift-Dir - straight line, f - water moccasin
Aim: a water moccasin (heavily wounded)
The roots erupt in riotous growth!
The ogre is unaffected.
Roots grab the water moccasin.
The grasping roots constrict the water moccasin!
The grasping roots constrict the ogre!
You kill the ogre!
You feel very sick.
The water moccasin struggles to escape constriction.
Something hits you.
Aiming: Fastroot
Press: ? - help, Q - select action, (/) - cycle Shift-Dir - straight line, f - hornet, p - water moccasin
Aim: a hornet The roots erupt in riotous growth!
Roots grab the hornet.
The water moccasin is unaffected.
Roots grab the hound.
The grasping roots constrict the hornet.
The grasping roots constrict the hound.
The grasping roots constrict the water moccasin!
You kill the water moccasin!
You feel sick.
The hornet struggles to escape constriction.
The hound struggles to escape constriction.
Something hits you.
You are more poisoned.
The hornet struggles to escape constriction.
The hound escapes!
Aiming: Fastroot
Press: ? - help, Q - select action, (/) - cycle Shift-Dir - straight line, p - hornet The roots erupt in riotous growth!
The grasping roots constrict the hornet.
You feel very sick.
The roots release their grip on the hornet.
Something barely misses you.
As you read the scroll of teleportation, it crumbles to dust.
You feel strangely unstable.
You feel very sick. The hornet stings you!
* * * LOW HITPOINT WARNING * * *
You are more poisoned.
You suddenly lose the ability to move!
Something hits you.
* * * LOW HITPOINT WARNING * * *
You are more poisoned.
The hornet stings you!
* * * LOW HITPOINT WARNING * * *
You feel yourself slow down.
You die...
Your body disappears without a glow.

###.###.#######
......... ....#
#.......# #
......### ###.#
###.....# .
...... # #.#
#.....# #.
....#. # #.#
##....####. #
#+# #..####..#
. # ##.##


#hO ... #..###y##..... .######.#.)@{....# .................# #.###########......
.g..#. ##... .. . You could see a hornet, an ogre, a hound and a gnoll.

Vanquished Creatures
  A water moccasin (D:7)
  2 sky beasts (D:7)
  An ice beast (D:6)
  2 ogres
  A phantom (D:4)
  2 necrophages
  A scorpion (D:6)
  5 wights (D:6)
  4 hounds
  2 orc priests
  5 iguanas
  An orc wizard (D:6)
  6 adders
  2 white imps
  2 worms
  2 dart slugs
  9 orcs
  4 bat zombies (D:5)
  2 endoplasms
  3 giant cockroaches
  4 goblins
  8 hobgoblins
  6 jackals
  3 quokkas
  4 ball pythons
  5 bats
  4 kobolds
  4 rats
  3 rat zombies (D:5)
98 creatures vanquished.

Notes
Turn   | Place    | Note
-------+----------+-------------------------------------------
     0 | D:1      | Darkkill the Minotaur Hunter began the quest for the Orb.
     0 | D:1      | Reached XP level 1. HP: 18/18 MP: 0/0
    93 | D:1      | Reached skill level 1 in Stealth
   109 | D:1      | Reached XP level 2. HP: 25/25 MP: 1/1
   775 | D:2      | Reached XP level 3. HP: 31/31 MP: 2/2
  1143 | D:2      | Reached XP level 4. HP: 32/38 MP: 3/3
  1397 | D:3      | HP: 2/38 [white imp/puff of frost (12)]
  1605 | D:3      | Found a runed translucent door.
  1606 | D:3      | Noticed Crazy Yiuf
  1648 | D:3      | Found a bloodstained altar of Trog.
  1691 | D:3      | Reached skill level 5 in Ranged Weapons
  1701 | D:3      | Found a sparkling altar of Nemelex Xobeh.
  1919 | D:3      | Became a worshipper of Nemelex Xobeh the Trickster
  2013 | D:3      | Found a hide-covered altar of Uskayaw.
  2049 | D:3      | Found a basalt altar of Yredelemnul.
  2265 | D:4      | Noticed a phantom
  2279 | D:4      | Killed a phantom
  2280 | D:4      | Reached XP level 5. HP: 26/46 MP: 4/4
  2377 | D:4      | Found a stormy altar of Qazlal.
  2614 | D:4      | Reached XP level 6. HP: 46/53 MP: 5/5
  2713 | D:4      | Reached * piety under Nemelex Xobeh
  3330 | D:5      | Entered Level 5 of the Dungeon
  3343 | D:5      | Found a hazy altar of Hepliaklqana.
  3717 | D:5      | Received a gift from Nemelex Xobeh
  3806 | D:5      | Found a staircase to the Ecumenical Temple.
  3920 | D:5      | Found an ancient bone altar of Kikubaaqudgha.
  4245 | D:6      | Reached ** piety under Nemelex Xobeh
  4525 | D:6      | Reached skill level 5 in Fighting
  4525 | D:6      | Reached skill level 6 in Ranged Weapons
  4525 | D:6      | Reached XP level 7. HP: 58/61 MP: 6/6
  4648 | D:6      | Found a glowing golden altar of the Shining One.
  4673 | D:6      | Reached skill level 5 in Dodging
  5175 | D:6      | Reached XP level 8. HP: 36/70 MP: 7/7
  5821 | D:7      | Reached skill level 7 in Ranged Weapons
  6092 | D:7      | Noticed a hornet
  6105 | D:7      | Paralysed by a hornet for 2 turns
  6105 | D:7      | HP: 3/71 [hornet (15)]
  6106 | D:7      | Succumbed to an orc wizard's poison

Illustrated notes

Levels and vault maps discovered:
D:1:      lightli_arrival_quake, layout_loops_ring, serial_aquarium,
          aquarium_bridge_square [aquarium_subvault_wall,
          aquarium_subvault_bridge, aquarium_subvault_wall,
          aquarium_subvault_window], aquarium_window_1, aquarium_window_corner,
          aquarium_window_2, aquarium_view_2e, aquarium_view_2a
D:2:      layout_loops_ring, minmay_misc_feat_tiny, hangedman_decor_points,
          minmay_tall_x
D:3:      layout_basic, general_overflow_altar,
          mainiacjoe_overflow_concentric_impassable, lemuel_round_altar,
          lemuel_tele_altar, uniq_crazy_yiuf_cottage
D:4:      layout_layer_cave, nicolae_qazlal_general_emergency, item_on_display_a
D:5:      layout_loops_ring, mainiacjoe_overflow_chevrons,
          lemuel_zombie_altar_kikubaaqudgha, temple_hall
D:6:      layout_gridville, tso_metal_star
D:7:      minmay_s_stair_smasher, layout_basic, lemuel_crystal_altar

Skill      XL: |  1  2  3  4  5  6  7  8 |
---------------+-------------------------+-----
Stealth        | 1 2 3 4 |  4.8
Fighting       | 3 4 5 6 |  6.9
Dodging        | 3 4 5 6 |  6.3
Ranged Weapons | 5 6 7 |  7.4

Action                   |  1- 3 |  4- 6 |  7- 9 || total
-------------------------+-------+-------+-------++-------
Melee: Dire flail        |       |       |    14 ||    14
       Headbutt          |       |       |     2 ||     2
 Fire: Shortbow          |    88 |   155 |   108 ||   351
Evoke: Wand              |       |       |     7 ||     7
  Use: Scroll            |     1 |    10 |     2 ||    13
       Potion            |       |       |     3 ||     3
Armor: Leather armour    |    10 |    19 |    14 ||    43
Dodge: Dodged            |    31 |    66 |    49 ||   146

Table legend: (Time is in decaauts)
 A = Elapsed time spent in this place.
 B = Non-inter-level travel time spent in this place.
 C = Inter-level travel time spent in this place.
 D = Time resting spent in this place.
 E = Time spent auto-exploring this place.
 F = Levels seen in this place.
 G = Mean time per level.
                   A        B        C        D        E       F      G
               +--------+--------+--------+--------+--------+-----+--------+
         Total |   6198 |   5948 |    250 |    301 |   4808 |   7 |  885.4 |
       Dungeon |   6198 |   5948 |    250 |    301 |   4808 |   7 |  885.4 |
               +--------+--------+--------+--------+--------+-----+--------+

Top non-repeatable levels by time:
     D:6: 1683 daAuts
     D:4: 1119 daAuts
     D:3: 890 daAuts
     D:5: 812 daAuts
     D:1: 741 daAuts
     D:2: 630 daAuts
     D:7: 320 daAuts

Table legend:
 A = Kills in this place as a percentage of kills in entire the game.
 B = Kills by you in this place as a percentage of kills by you in the entire game.
 C = Kills by friends in this place as a percentage of kills by friends in the entire game.
 D = Other kills in this place as a percentage of other kills in the entire game.
 E = Experience gained in this place as a percentage of experience gained in the entire game.
 F = Experience gained in this place divided by the number of levels of this place that you have seen.
                   A       B       C       D       E      F
               +-------+-------+-------+-------+-------+----------------------
         Total | 100.0 | 100.0 |   N/A |   N/A | 100.0 | 319.4
       Dungeon | 100.0 | 100.0 |   N/A |   N/A | 100.0 | 319.4
               +-------+-------+-------+-------+-------+----------------------
